[Event "Late-Titled-Tuesday-Blitz-April-02-2024"]
[Site "Chess.com"]
[Date "2024.04.02"]
[Round "11"]
[White "flawian2008"]
[Black "Zavgorodniy_Sergiy"]
[Result "1-0"]
[WhiteElo "2569"]
[BlackElo "2634"]
[TimeControl "180+1"]
[EndTime "16:02:54 PDT"]
[Termination "flawian2008 won by resignation"]

1. e4 c6 2. d4 d5 3. Nc3 dxe4 4. Nxe4 Bf5 5. Ng3 Bg6 6. Nh3 e6 7. Nf4 Bd6 8. h4 Qc7 9. Qf3 Bxc2 10. Bc4 Bb4+ 11.
Kf1 Nf6 12. Qe2 Ba4 13. Ngh5 Nxh5 14. Nxh5 O-O 15. Qg4 f5 16. Bxe6+ Kh8 17. Bxf5 Bb5+ 18. Kg1 Qf7 19. Bf4 Be7 20. Be5 Bf6 21. Bxf6 gxf6 22.
Nf4 Na6 23. h5 Qg7 24. Ng6+ Kg8 25. Be6+ Rf7 26. Bxf7+ Kxf7 27. Re1 hxg6 28. hxg6+ Kf8 29. Rh7 Qg8 30. Qd7 Qxg6 31. Rh8+ 1-0

[Event "Late-Titled-Tuesday-Blitz-April-02-2024"]
[Site "Chess.com"]
[Date "2024.04.02"]
[Round "11"]
[White "PetrolulSah"]
[Black "Charodej1"]
[Result "0-1"]
[WhiteElo "2212"]
[BlackElo "2372"]
[TimeControl "180+1"]
[EndTime "16:02:55 PDT"]
[Termination "Charodej1 won by resignation"]

1. d4 Nf6 2. c4 g6 3. Nc3 d5 4.
cxd5 Nxd5 5. e4 Nxc3 6. bxc3 Bg7 7. Bc4 O-O 8. Ne2 c5 9. O-O Nc6 10. Be3 cxd4 11. cxd4 a6 12. h3 b5 13. Bd5 Bb7 14. Rc1 Rc8 15. Bxc6 Bxc6 16. d5 Bb7 17. Rxc8 Qxc8 18.
Qb3 e6 19. Rc1 Qd7 20. Bf4 Rc8 21. Rxc8+ Qxc8 22. dxe6 Qxe6 23. Qxe6 fxe6 24. f3 a5 25.
Kf2 b4 26. e5 Bd5 27. Nc1 a4 28. Ke2 Bc4+ 29. Kd2 g5 30. Bh2 Kf7 31. Ke3 Kg6 32.
Kd4 Bd5 33. Kc5 b3 34. axb3 axb3 35. Nd3 h5 36. Kb4 Bf8+ 37. Kc3 Ba3 38. Bg1 Kf5 39.
Be3 g4 40. fxg4+ hxg4 41. hxg4+ Kxg4 42. Nc5 b2 43. Kc2 Ba2 0-1

[Event "Late-Titled-Tuesday-Blitz-April-02-2024"]
[Site "Chess.com"]
[Date "2024.04.02"]
[Round "11"]
[White "JACK_BAU3R"]
[Black "youngdinousaur"]
[Result "0-1"]
[WhiteElo "1894"]
[BlackElo "2237"]
[TimeControl "180+1"]
[EndTime "16:02:59 PDT"]
[Termination "youngdinousaur won by resignation"]

1. d4 Nf6 2. c3 e6 3. Bf4 d5 4. e3 c5 5. Bd3 Qb6 6. Qc1 Nc6 7. Nd2 Bd7 8. Rb1 Rc8 9. Qd1 Be7 10. h3 O-O 11.
Ngf3 cxd4 12. exd4 Na5 13. Qe2 Bd6 14. Ne5 a6 15.
O-O Bb5 16. Bxb5 Qxb5 17. Qxb5 axb5 18. a3 Nc4 19. Ndxc4 bxc4 20. f3 Bxe5 21. Bxe5 Nd7 22. Rbe1 Nxe5 23. Rxe5 Rc6 24. f4 Rb6 25. Rf2 Ra8 26.
f5 f6 27. Rxe6 Rxe6 28. fxe6 Kf8 29. Re2 Ke7 30. g4 Ra6 31. Kf2 Rxe6 32. Rxe6+ Kxe6 33.
Ke3 b5 34. Kf4 g6 35. h4 h6 36. h5 g5+ 37. Ke3 f5 38. gxf5+ Kxf5 39. Kf3 0-1

[Event "Late-Titled-Tuesday-Blitz-April-02-2024"]
[Site "Chess.com"]
[Date "2024.04.02"]
[Round "11"]
[White "GMAkobianSTL"]
[Black "Zkid"]
[Result "0-1"]
[WhiteElo "2805"]
[BlackElo "2865"]
[TimeControl "180+1"]
[EndTime "16:03:01 PDT"]
[Termination "Zkid won by resignation"]

1. d4 d5 2. c4 dxc4 3. e3 Nf6 4. Bxc4 e6 5. Nf3 c5 6. O-O Nc6 7. a3 a6 8. dxc5 Qxd1 9. Rxd1 Bxc5 10. b4 Be7 11. Bb2 b5 12. Be2 Bb7 13. Nbd2 O-O 14. Nb3 Rac8 15. Rac1 Rfd8 16. Rxd8+ Rxd8 17. Nc5 Bxc5 18.
Rxc5 Ne4 19. Rc2 f6 20. Ne1 Rd2 21. f3 Rxc2 22. Nxc2 Nd6 23. e4 e5 24. Kf2 Kf7 25. Ne3 Ke6 26. Bd1 a5 27. Bb3+ Kd7 28. Bc3 axb4 29.
axb4 Bc8 30. h4 Ke7 31. Nd5+ Kd8 32. Nb6 Kc7 33. Nxc8 Kxc8 34. Ke3 Ne8 35. h5 h6 36. g3 Nc7 37. Bc2 Kb7 38. f4 Na6 39. fxe5 fxe5 40.
Bb3 Naxb4 41. Bg8 Kc7 42. Kf3 Nc2 43. Ke2 Kd6 44. Kd3 N2d4 45. Bd5 Kc5 46. g4 Nb4+ 47. Ke3 Nxd5+ 48. exd5 Kxd5 49. Bb4 Nc2+ 0-1

[Event "Late-Titled-Tuesday-Blitz-April-02-2024"]
[Site "Chess.com"]
[Date "2024.04.02"]
[Round "11"]
[White "Bala-Afiada"]
[Black "Kapitan_Bayan"]
[Result "0-1"]
[WhiteElo "1945"]
[BlackElo "2283"]
[TimeControl "180+1"]
[EndTime "16:03:03 PDT"]
[Termination "Kapitan_Bayan won on time"]

1. d4 d5 2. c4 dxc4 3. Qa4+ Nc6 4. Nf3 e5 5. dxe5 Bb4+ 6. Bd2 a5 7. e3 Bd7 8. Qc2 b5 9. a3 Bxd2+ 10. Nbxd2 Nge7 11. Be2 a4 12. O-O O-O 13. Rad1 Ng6 14. Ne4 Qc8 15. Nc5 Bf5 16. e4 Bg4 17. h3 Bxf3 18. Bxf3 Ngxe5 19. Be2 Rd8 20. f4 Ng6 21. e5 Nd4 22. Qe4 Nxe2+ 23. Qxe2 Qb8 24. e6 Qb6 25. Qf2 fxe6 26. Nxe6 Qxe6 27. Rde1 Qf6 28. g3 Rd3 29. Qc5 Rxg3+ 30. Kh2 Rb3 31. Qd5+ Qf7 32. Qxa8+ Nf8 33. Re8 Rxb2+ 34. Kg3 Qg6+ 0-1

[Event "Late-Titled-Tuesday-Blitz-April-02-2024"]
[Site "Chess.com"]
[Date "2024.04.02"]
[Round "11"]
[White "Byniolus"]
[Black "albi1999"]
[Result "0-1"]
[WhiteElo "2767"]
[BlackElo "2636"]
[TimeControl "180+1"]
[EndTime "16:03:06 PDT"]
[Termination "albi1999 won by resignation"]

1. e4 c5 2. d4 cxd4 3. c3 dxc3 4. Nxc3 Nc6 5. Nf3 e6 6. Bc4 a6 7. O-O b5 8. Bb3 Bb7 9. Qe2 Nge7 10. Bg5 f6 11.
Bh4 Ng6 12. Bg3 Be7 13. Rfd1 Qb6 14. Rd2 Rd8 15. Rad1 Na5 16. h4 Nxb3 17. axb3 d6 18. h5 Ne5 19. Nd4 Kf7 20. Kh1 g5 21. f4 gxf4 22.
Bxf4 Rhg8 23. Rf1 Ng4 24. Bg3 Qc5 25. Nf5 exf5 26. Rxf5 Ne5 27. Bh4 Bc8 28. b4 Qc4 0-1

[Event "Late-Titled-Tuesday-Blitz-April-02-2024"]
[Site "Chess.com"]
[Date "2024.04.02"]
[Round "11"]
[White "VD_coach"]
[Black "dedpihto_v_kozhanom_palto"]
[Result "0-1"]
[WhiteElo "2586"]
[BlackElo "2720"]
[TimeControl "180+1"]
[EndTime "16:03:08 PDT"]
[Termination "dedpihto_v_kozhanom_palto won on time"]

1. d4 g6 2. Nf3 Bg7 3. c4 d6 4. g3 Nc6 5. Bg2 Nf6 6. O-O O-O 7. Nc3 Bg4 8. Be3 Bxf3 9. exf3 Nd7 10. Rc1 e5 11. dxe5 Ndxe5 12. b3 Re8 13. f4 Nd7 14. Re1 Nc5 15. Nd5 a5 16. h4 h5 17. f5 Kh7 18.
fxg6+ fxg6 19. Bxc5 Rxe1+ 20. Qxe1 dxc5 21. Be4 Qd6 22. Qe2 Nd4 23. Qxh5+ Kg8 24. Bxg6 c6 25. Nf4 Rd8 26.
Re1 Kf8 27. Bf7 Qf6 28. Be6 Bh6 29. Ng6+ Kg7 30. Re4 Nxe6 31. Rg4 Kh7 32. Ne7 Rf8 33. f4 Ng7 34. Qg6+ Qxg6 35. Nxg6 Re8 36. Ne5 Nf5 0-1

[Event "Late-Titled-Tuesday-Blitz-April-02-2024"]
[Site "Chess.com"]
[Date "2024.04.02"]
[Round "11"]
[White "SmirnovTimofey2000"]
[Black "ricaurtelopezj1955"]
[Result "0-1"]
[WhiteElo "1953"]
[BlackElo "2151"]
[TimeControl "180+1"]
[EndTime "16:03:08 PDT"]
[Termination "ricaurtelopezj1955 won on time"]

1. e4 e5 2. Nf3 Nf6 3. Nxe5 d6 4. Nf3 Nxe4 5. d4 d5 6. Bd3 Bd6 7. O-O O-O 8. c4 c6 9. Qc2 f5 10. cxd5 cxd5 11. Re1 Nc6 12. Nc3 Nb4 13. Qb1 Be6 14.
a3 Nxd3 15. Qxd3 Rc8 16. Nb5 Bb8 17. Ne5 Qb6 18. f4 Rc4 19. a4 a6 20. Nxc4 dxc4 21.
Qc2 axb5 22. axb5 Qxb5 23. Be3 Bd5 24. Rac1 Bd6 25. Kh1 Rc8 26. Bg1 Qc6 0-1

[Event "Late-Titled-Tuesday-Blitz-April-02-2024"]
[Site "Chess.com"]
[Date "2024.04.02"]
[Round "11"]
[White "Defend1r"]
[Black "Smiechu"]
[Result "1-0"]
[WhiteElo "2655"]
[BlackElo "2503"]
[TimeControl "180+1"]
[EndTime "16:03:11 PDT"]
[Termination "Defend1r won by checkmate"]

1. e4 c5 2. Nf3 g6 3. c3 Bg7 4. d4 cxd4 5. Nxd4 Nc6 6. Nxc6 bxc6 7. Be2 d5 8. h4 h5 9. Nd2 Nf6 10. exd5 cxd5 11. Nf3 Bg4 12. Be3 O-O 13. Bd4 Bxf3 14. Bxf3 e6 15. O-O Qd6 16. Re1 Nd7 17. Bxg7 Kxg7 18. Qd4+ Kg8 19. a4 Qc5 20. Qd2 Rfc8 21. Re3 Rab8 22. b4 Qc7 23. Qe2 Qc4 24. Bxh5 gxh5 25.
Qxh5 Kf8 26. Rf3 f6 27. Qh7 Ke8 28. Rg3 Kd8 29. Rg7 Qc6 30. Re1 Kc7 31. c4 dxc4 32.
Rd1 Rd8 33. b5 Qd5 34. Rxd5 exd5 35. Qf5 Kd6 36. h5 Rbc8 37. Qf4+ Kc5 38. h6 c3 39. h7 c2 40. h8=Q Rxh8 41. Rxd7 Kb6 42. Qd4+ Ka5 43. Rxa7# 1-0

[Event "Late-Titled-Tuesday-Blitz-April-02-2024"]
[Site "Chess.com"]
[Date "2024.04.02"]
[Round "11"]
[White "Fh2411"]
[Black "Heliosis11"]
[Result "1-0"]
[WhiteElo "2564"]
[BlackElo "2415"]
[TimeControl "180+1"]
[EndTime "16:03:11 PDT"]
[Termination "Fh2411 won by resignation"]

1. d4 Nf6 2. Nf3 e6 3. Bf4 c5 4. e3 Be7 5. c3 Nc6 6. Nbd2 Nh5 7. Bg3 Nxg3 8. hxg3 cxd4 9. exd4 b6 10. Bd3 h6 11. Qe2 Bb7 12. g4 Rc8 13. Ne4 d6 14. Ng3 Nb8 15. O-O-O Nd7 16. Nh5 Bf6 17. Kb1 g6 18.
Nf4 Qe7 19. Ka1 e5 20. dxe5 dxe5 21. Bb5 Rd8 22. Nd5 Bxd5 23. Rxd5 Kf8 24. Rhd1 e4 25. Ne1 Kg7 26. Bxd7 Rxd7 27. Rxd7 Qe6 28. Nc2 Re8 29.
Ne3 Qc6 30. Qc4 Qa8 1-0

[Event "Late-Titled-Tuesday-Blitz-April-02-2024"]
[Site "Chess.com"]
[Date "2024.04.02"]
[Round "11"]
[White "AlexandreHouhou"]
[Black "Supelyel"]
[Result "0-1"]
[WhiteElo "2361"]
[BlackElo "2422"]
[TimeControl "180+1"]
[EndTime "16:03:15 PDT"]
[Termination "Supelyel won by checkmate"]

1. e4 d6 2. d4 Nf6 3. Bd3 e5 4. c3 Be7 5. Nf3 Bg4 6. h3 Bxf3 7. Qxf3 Nbd7 8. O-O O-O 9. Nd2 c6 10. Re1 Qc7 11. a4 a5 12. Nf1 Rfe8 13. Ne3 Bf8 14. Nf5 Kh8 15. Bg5 Ng8 16. Bc4 f6 17. Be3 Nb6 18. Bb3 g6 19. Ng3 Bg7 20. h4 Ne7 21. h5 g5 22. h6 Bxh6 23. Qxf6+ Bg7 24. Qxg5 Ng6 25. Nf5 Rf8 26. Kh2 Bf6 27. Qh6 d5 28. Rh1 exd4+ 29. Kg1 dxe3 30. Qxg6 exf2+ 31. Kxf2 dxe4 32. Rh5 Rad8 33. Rah1 Rd7 34. Be6 Qf4+ 35. Kg1 Rd1# 0-1

[Event "Late-Titled-Tuesday-Blitz-April-02-2024"]
[Site "Chess.com"]
[Date "2024.04.02"]
[Round "11"]
[White "slidingknight2775"]
[Black "WindWhistler11"]
[Result "0-1"]
[WhiteElo "2575"]
[BlackElo "2470"]
[TimeControl "180+1"]
[EndTime "16:03:18 PDT"]
[Termination "WindWhistler11 won by checkmate"]

1. Nf3 Nf6 2. c4 e6 3. e3 b6 4.
Nc3 Bb7 5. b3 c5 6. Bb2 Be7 7.
d4 cxd4 8. Qxd4 Nc6 9. Qd2 d6 10.
Be2 O-O 11. O-O a6 12. Rfd1 Qc7 13. Rac1 Ne5 14. Nd4 Rfd8 15. h3 Rac8 16. Qc2 Qb8 17. Qb1 Qa8 18. Bf1 Ng6 19. Qa1 Nh4 20. g3 e5 21. gxh4 exd4 22. exd4 d5 23. Re1 Bb4 24.
a3 Bf8 25. Na4 Qb8 26. c5 bxc5 27. dxc5 Ne4 28. Be5 Qa7 29. b4 d4 30. Bxd4 Nd2 31. Re3 Nf3+ 32. Rxf3 Bxf3 33. Be3 Rc6 34. Bc4 Rg6+ 35.
Kf1 Qc7 36. Ke1 Rg1+ 37. Bf1 Qh2 38. Qc3 Rxf1+ 39. Kxf1 Qh1# 0-1

[Event "Late-Titled-Tuesday-Blitz-April-02-2024"]
[Site "Chess.com"]
[Date "2024.04.02"]
[Round "11"]
[White "SpeedofLight0"]
[Black "Polish_fighter3000"]
[Result "1-0"]
[WhiteElo "3097"]
[BlackElo "3145"]
[TimeControl "180+1"]
[EndTime "16:03:20 PDT"]
[Termination "SpeedofLight0 won by resignation"]

1. d4 d5 2. Nc3 Nf6 3. Bf4 a6 4. e3 e6 5. g4 c5 6. g5 Nfd7 7. Nf3 Nc6 8. h4 b5 9. h5 Bb7 10. Bh3 cxd4 11. exd4 Bb4 12. Qe2 Qe7 13. Kf1 O-O 14.
Nxd5 Qd8 15. Nxb4 Nxb4 16. c3 Nd5 17. Bd2 Re8 18. g6 h6 19. gxf7+ Kxf7 20. Rg1 Qf6 21. Rg6 Qe7 22. Re1 Nf8 23. Rg3 Nd7 24. Qd3 Kf8 25. Qh7 Qf7 26. Rxg7 Qxg7 27. Bxh6 Re7 28. Qh8+ Kf7 29.
Qxg7+ 1-0

[Event "Late-Titled-Tuesday-Blitz-April-02-2024"]
[Site "Chess.com"]
[Date "2024.04.02"]
[Round "11"]
[White "Oleksandr_Bortnyk"]
[Black "dropstoneDP"]
[Result "0-1"]
[WhiteElo "3045"]
[BlackElo "3007"]
[TimeControl "180+1"]
[EndTime "16:03:22 PDT"]
[Termination "dropstoneDP won by resignation"]

1. e4 e5 2. Bc4 Nf6 3. d3 c6 4.
Nf3 d5 5. Bb3 Bb4+ 6. Bd2 Bxd2+ 7.
Nbxd2 a5 8. a3 Nbd7 9. Qe2 O-O 10. O-O dxe4 11. Nxe4 Nxe4 12. dxe4 Qe7 13. h3 Nc5 14. Rfd1 Nxb3 15. cxb3 Be6 16. Qe3 f6 17. Rd3 Rfd8 18.
Rad1 Rxd3 19. Qxd3 Kf7 20. Rd2 Ke8 21. Qc3 Qc7 22.
b4 axb4 23. Qxb4 Qe7 24. Qb6 Ra6 25. Qe3 Ra8 26. Qb6 Ra6 27. Qe3 Ra8 28. Ne1 Rd8 29. Nd3 Qd6 30. Qf3 Rd7 31. Qh5+ g6 32. Qd1 Bc4 33. b4 Bxd3 34. Qb3 Kf8 35. Qa4 Kg7 36. Qa8 Qc7 37. Qe8 Rd8 38. Qe6 Bc4 39. Qxc4 Rxd2 40.
b5 Qd7 0-1

[Event "Late-Titled-Tuesday-Blitz-April-02-2024"]
[Site "Chess.com"]
[Date "2024.04.02"]
[Round "11"]
[White "nabukatnezarr"]
[Black "Practical-Play"]
[Result "1-0"]
[WhiteElo "2637"]
[BlackElo "2514"]
[TimeControl "180+1"]
[EndTime "16:03:22 PDT"]
[Termination "nabukatnezarr won by resignation"]

1. Nf3 d5 2. g3 c5 3. Bg2 Nc6 4. d4 Bf5 5. O-O e6 6. c4 Nf6 7. Nc3 dxc4 8. Qa4 Nd5 9. Ne5 Rc8 10. e4 Nb6 11. Nxc6 bxc6 12. Qa6 Bg6 13. d5 cxd5 14.
exd5 exd5 15. Re1+ Be7 16. Bg5 f6 17. Nxd5 Nxd5 18.
Bxd5 Qxd5 19. Qxc8+ Kf7 20. Rxe7+ Kxe7 21. Re1+ Kf7 22.
Qxh8 fxg5 23. Qe8+ Kf6 24. Qe7+ Kf5 25. h3 h5 26. Qxg7 Qd4 27. Qf8+ Qf6 28. g4+ 1-0

[Event "Late-Titled-Tuesday-Blitz-April-02-2024"]
[Site "Chess.com"]
[Date "2024.04.02"]
[Round "11"]
[White "newauto"]
[Black "misterlamine"]
[Result "1/2-1/2"]
[WhiteElo "2201"]
[BlackElo "2416"]
[TimeControl "180+1"]
[EndTime "16:03:24 PDT"]
[Termination "Game drawn - insufficient material"]

1. d4 Nf6 2. Nf3 g6 3. Bg5 Bg7 4. e3 h6 5. Bh4 g5 6. Bg3 Ne4 7. Nbd2 Nxg3 8. hxg3 d6 9. Bd3 Nc6 10. c3 e5 11. Qc2 Be6 12. Bf5 Qd7 13. Bxe6 Qxe6 14.
Qb3 Qxb3 15. axb3 a6 16. d5 Ne7 17. e4 f5 18. c4 Kd7 19. Ke2 Raf8 20. exf5 Nxf5 21.
Ne4 g4 22. Nh4 Nd4+ 23. Ke3 Nxb3 24. Ng6 Nxa1 25. Nxf8+ Rxf8 26. Rxa1 h5 27. Rh1 Rf5 28. f3 Bh6+ 29. Ke2 gxf3+ 30. gxf3 Bf8 31. g4 hxg4 32. fxg4 Rf4 33. Rh7+ Be7 34. Ke3 Ke8 35. g5 Rf7 36.
g6 Rf8 37. b4 Rg8 38. Rh6 Kf8 39. c5 dxc5 40. bxc5 Kg7 41. Rh7+ Kf8 42. Rf7+ Ke8 43. Nf6+ Bxf6 44. Rxf6 a5 45. Ke4 a4 46. Kf5 a3 47.
Re6+ Kd7 48. Rxe5 Ra8 49. Re1 a2 50. Ra1 b6 51. cxb6 cxb6 52. g7 Ke7 53. Kg6 b5 54.
Kh7 b4 55. g8=Q Rxg8 56. Rxa2 Rg4 57. Ra6 b3 58. Rb6 Rg3 59. Kh6 Kd7 60. d6 Rd3 61. Kg5 Rxd6 62. Rxb3 Rd5+ 63. Kf4 Rd6 64. Ke4 Rd1 65.
Rd3+ Rxd3 66. Kxd3 1/2-1/2

[Event "Late-Titled-Tuesday-Blitz-April-02-2024"]
[Site "Chess.com"]
[Date "2024.04.02"]
[Round "11"]
[White "sergoy"]
[Black "Hamisandwich"]
[Result "1-0"]
[WhiteElo "2917"]
[BlackElo "2720"]
[TimeControl "180+1"]
[EndTime "16:03:26 PDT"]
[Termination "sergoy won by resignation"]

1. d4 Nf6 2. c4 b6 3. f3 Nc6 4.
Nc3 e5 5. d5 Na5 6. e4 Bb4 7.
Bd2 Nb7 8. a3 Bc5 9. Nge2 a5 10.
g4 d6 11. Ng3 h5 12. g5 Ng8 13. h4 Ne7 14. Qc2 Ng6 15. O-O-O Nf4 16. Nf5 g6 17. Nh6 Qe7 18. Nb5 a4 19. Kb1 Kd8 20. Bxf4 exf4 21.
Qc3 Rf8 22. Qg7 Be3 23. Ng8 Qe8 24. Nf6 Qe7 25. Bd3 Bd7 26. e5 Bxb5 27. cxb5 Nc5 28. Be4 Nd7 29. Nxd7 Kxd7 30. exd6 Qxd6 31. Rh2 Rae8 32.
Qc3 Qc5 33. Qd3 Ra8 34. Rc2 Qd6 35. Rc6 Qe5 36. d6 Rfc8 37. Rxc7+ Rxc7 38. dxc7+ Kxc7 39. Qd7+ 1-0

[Event "Late-Titled-Tuesday-Blitz-April-02-2024"]
[Site "Chess.com"]
[Date "2024.04.02"]
[Round "11"]
[White "1g60-1"]
[Black "ritanovikova"]
[Result "0-1"]
[WhiteElo "2386"]
[BlackElo "2201"]
[TimeControl "180+1"]
[EndTime "16:03:32 PDT"]
[Termination "ritanovikova won by resignation"]

1. e4 e5 2. d4 exd4 3. c3 dxc3 4. Bc4 Bb4 5. Bxf7+ Kxf7 6. Qb3+ d5 7. Qxb4 c2 8.
Na3 Nc6 9. Qd2 dxe4 10. Qxc2 Nf6 11. Ne2 Bf5 12. O-O Qd3 13. Ng3 Qxc2 14. Nxc2 Bg6 15. Bf4 Nd5 16. Be3 h5 17. Rad1 Rhd8 18. Nd4 Ne5 19. f4 Nxe3 20. fxe5+ Nxf1 21. Rxf1+ Ke7 22. Ngf5+ Bxf5 23. Nxf5+ Ke6 24. Nxg7+ Kxe5 25. Rf5+ Kd4 26. Ne6+ Kd3 27. Nxd8 Rxd8 28. Kf2 Kd2 29. Re5 Rf8+ 30. Kg3 e3 31. Rd5+ Ke1 32. Re5 e2 33.
Rxh5 Re8 34. Rc5 Kd1 35. Rd5+ Kc1 36. Rc5+ Kb1 0-1

[Event "Late-Titled-Tuesday-Blitz-April-02-2024"]
[Site "Chess.com"]
[Date "2024.04.02"]
[Round "11"]
[White "1mbl4"]
[Black "Mikhal867"]
[Result "1-0"]
[WhiteElo "2647"]
[BlackElo "2527"]
[TimeControl "180+1"]
[EndTime "16:03:33 PDT"]
[Termination "1mbl4 won by checkmate"]

1. e4 g6 2. d4 Bg7 3. Nc3 d6 4. Be3 a6 5. a4 b6 6. g3 Bb7 7.
Bg2 e6 8. Nge2 Ne7 9. O-O h6 10. Qd2 Nd7 11. f4 O-O 12. f5 exf5 13. Bxh6 Nf6 14.
Bxg7 Kxg7 15. e5 Nfd5 16. Nxd5 Bxd5 17. Nf4 Bxg2 18. Qxg2 dxe5 19. dxe5 Qd4+ 20. Kh1 Qxe5 21. Rae1 Qf6 22. g4 Rh8 23. g5 Qd6 24. Rd1 Qc6 25.
Qxc6 Nxc6 26. Rd7 Rac8 27. Re1 Rh4 28. Ne6+ Kg8 29. Nxc7 Nd4 30. Kg2 Rg4+ 31. Kf2 Rxg5 32. Ree7 Rf8 33. Rxd4 Rh5 34. h4 Kg7 35. Red7 Kf6 36.
Nd5+ Ke5 37. Nf4 Rh7 38. R7d6 Rxh4 39. Nd3# 1-0

[Event "Late-Titled-Tuesday-Blitz-April-02-2024"]
[Site "Chess.com"]
[Date "2024.04.02"]
[Round "11"]
[White "LiemLe"]
[Black "FairChess_on_YouTube"]
[Result "0-1"]
[WhiteElo "3023"]
[BlackElo "3060"]
[TimeControl "180+1"]
[EndTime "16:03:35 PDT"]
[Termination "FairChess_on_YouTube won by resignation"]

1. Nf3 b5 2. e4 Bb7 3. Bxb5 Bxe4 4. O-O c6 5. Re1 Nf6 6. Ba4 Qa5 7. Nc3 Bxf3 8. Qxf3 e6 9. a3 Be7 10. d4 O-O 11.
Bf4 d5 12. b4 Qb6 13. Ne2 a5 14. c3 Nbd7 15. Bc2 Ra7 16. g4 Rfa8 17. Rab1 axb4 18.
axb4 Ra2 19. Bb3 R2a3 20. Ng3 g6 21. h4 Qd8 22. h5 Ne8 23. hxg6 hxg6 24. Kg2 Bd6 25.
Be3 Qf6 26. Qe2 Bf4 27. Rh1 Nd6 28. Rh3 Ra1 29. Rbh1 Rxh1 30. Rxh1 Qg5 31. Bxf4 Qxf4 32. Qf3 Qxf3+ 33. Kxf3 Ra3 34. Rb1 e5 35. dxe5 Nxe5+ 36. Kf4 f6 37. g5 Kg7 38. gxf6+ Kxf6 39. Ne2 Nf5 0-1

[Event "Late-Titled-Tuesday-Blitz-April-02-2024"]
[Site "Chess.com"]
[Date "2024.04.02"]
[Round "11"]
[White "jinxy2009"]
[Black "PotapovaM"]
[Result "0-1"]
[WhiteElo "2321"]
[BlackElo "2540"]
[TimeControl "180+1"]
[EndTime "16:03:36 PDT"]
[Termination "PotapovaM won by resignation"]

1. e4 e6 2. d4 d5 3. e5 c5 4. c3 Bd7 5. Nf3 Qb6 6. Be2 Bb5 7. Bxb5+ Qxb5 8. Na3 Qc6 9. dxc5 Bxc5 10. b4 Be7 11. Qb3 Nh6 12. Bxh6 gxh6 13. Nd4 Qd7 14. O-O O-O 15. Rad1 Nc6 16. c4 Nxe5 17. Qg3+ Ng6 18. c5 e5 19. Nf3 Qe6 20. Rfe1 e4 21. Nd4 Qd7 22. Nac2 a5 23. a3 axb4 24. axb4 Ra2 25.
Ne3 f5 26. Qh3 Nf4 27. Qxh6 Nd3 28. Rf1 f4 29. Ne6 Rf7 30. Ng4 Ra6 31. Qh5 Qxe6 32. Nh6+ Qxh6 33. Qg4+ Rg6 34. Qc8+ Kg7 35. Qxb7 Qg5 36.
g3 f3 37. Qc6 Qh5 0-1

[Event "Late-Titled-Tuesday-Blitz-April-02-2024"]
[Site "Chess.com"]
[Date "2024.04.02"]
[Round "11"]
[White "ansko1999"]
[Black "Quattroporte300"]
[Result "1-0"]
[WhiteElo "2632"]
[BlackElo "2493"]
[TimeControl "180+1"]
[EndTime "16:03:37 PDT"]
[Termination "ansko1999 won by checkmate"]

1. Nf3 c5 2. c4 g6 3. Nc3 Bg7 4. g3 Nc6 5. Bg2 e5 6. O-O Nge7 7. Ne1 O-O 8. Nc2 d6 9. Ne3 Be6 10.
Ned5 f5 11. d3 Qd7 12. Rb1 Rab8 13. a4 h6 14. b4 cxb4 15. Nxb4 Nxb4 16. Rxb4 Nc6 17.
Rb1 Kh7 18. Nd5 Ne7 19. Nxe7 Qxe7 20. Be3 b6 21. a5 bxa5 22. Qa4 Qc7 23. Rb5 f4 24. Bd2 g5 25. Be4+ Kh8 26. Rxa5 Bh3 27. Rxa7 Qb6 28. Bg2 Bxg2 29. Kxg2 e4 30. Qd7 Qd4 31.
dxe4 Qxe4+ 32. f3 Qxe2+ 33. Rf2 Qe5 34. Ra5 Qf6 35. Rd5 Rbd8 36. Qg4 fxg3 37. hxg3 Rfe8 38. f4 Qe7 39. fxg5 hxg5 40. Qh5+ Kg8 41. Rxg5 Qe4+ 42. Kh2 Re6 43. Qf7+ Kh7 44. Qxg7# 1-0

[Event "Late-Titled-Tuesday-Blitz-April-02-2024"]
[Site "Chess.com"]
[Date "2024.04.02"]
[Round "11"]
[White "PNEPaul"]
[Black "simaopdias"]
[Result "0-1"]
[WhiteElo "1985"]
[BlackElo "2291"]
[TimeControl "180+1"]
[EndTime "16:03:37 PDT"]
[Termination "simaopdias won on time"]

1. e4 c5 2. Nf3 g6 3. d4 cxd4 4. c3 d5 5. exd5 Qxd5 6. cxd4 Bg7 7. Nc3 Qd6 8. Nb5 Qd8 9. Be2 Nf6 10. O-O O-O 11.
h3 Nc6 12. Be3 a6 13. Nc3 Re8 14. Rc1 Bf5 15. d5 Nb4 16. Bc4 b5 17. a3 bxc4 18.
axb4 Bd3 19. Re1 Nxd5 20. Bd4 Bxd4 21. Nxd4 Nxb4 22. Nf3 Nc6 23. Qd2 Nd4 24. Ne5 Nb3 25. Qh6 Nxc1 26. Nxf7 Qd4 27. Re5 Ne2+ 28. Kh1 Qxf2 29.
Nxe2 Qxf7 0-1

[Event "Late-Titled-Tuesday-Blitz-April-02-2024"]
[Site "Chess.com"]
[Date "2024.04.02"]
[Round "11"]
[White "MaestroCheck"]
[Black "NikitaShnadrygin"]
[Result "1/2-1/2"]
[WhiteElo "2587"]
[BlackElo "2694"]
[TimeControl "180+1"]
[EndTime "16:03:38 PDT"]
[Termination "Game drawn by repetition"]

1. e4 c5 2. Nc3 e6 3. d4 cxd4 4.
Qxd4 Nc6 5. Qe3 Nf6 6. Nf3 d5 7. exd5 Nxd5 8. Nxd5 Qxd5 9. Bd3 Bc5 10. Qe2 O-O 11.
O-O Qh5 12. h3 e5 13. Be3 Bxe3 14. Qxe3 Be6 15. Rfe1 f6 16. Be4 Rfd8 17. Bxc6 bxc6 18. b3 Qg6 19. Rac1 Rd7 20. Kh2 Rad8 21. Re2 Qh5 22. Rd2 Rxd2 23. Nxd2 Bd5 24. c4 Be6 25. Ne4 Qf7 26. Rc2 Rd4 27. Rd2 Qd7 28. Qg3 Kf7 29.
Nc5 Qe7 30. Rxd4 exd4 31. Nxe6 Qxe6 32. Qc7+ Kg6 33. Qg3+ Kf7 34. Qc7+ Kg6 35. Qg3+ Kf5 36. Qf3+ Ke5 37. Qg3+ Kf5 38. Qf3+ Kg6 39. Qg3+ 1/2-1/2

[Event "Late-Titled-Tuesday-Blitz-April-02-2024"]
[Site "Chess.com"]
[Date "2024.04.02"]
[Round "11"]
[White "shirovin"]
[Black "maurovargas01"]
[Result "0-1"]
[WhiteElo "2040"]
[BlackElo "1894"]
[TimeControl "180+1"]
[EndTime "16:03:39 PDT"]
[Termination "maurovargas01 won by checkmate"]

1. Nf3 Nc6 2. g3 e5 3. d3 f5 4. Nbd2 d6 5. Bg2 g6 6. O-O Nf6 7. e4 Bg7 8. Re1 O-O 9. c3 h6 10. b4 g5 11. exf5 Bxf5 12. Qc2 Qe8 13. b5 Ne7 14. c4 Qh5 15. Nf1 Qg6 16. Rd1 Ng4 17. h3 Nf6 18. g4 Bd7 19. N3d2 Rae8 20. Bxb7 h5 21. Bf3 hxg4 22. hxg4 Nxg4 23. Ne4 Qh5 24. Qe2 Ng6 25. Nxg5 Nf4 26. Bxf4 exf4 27. Ne4 Bd4 28. Bxg4 Bxg4 29. Qd2 Bf3 30. Re1 Qh1# 0-1

[Event "Late-Titled-Tuesday-Blitz-April-02-2024"]
[Site "Chess.com"]
[Date "2024.04.02"]
[Round "11"]
[White "Fengwi"]
[Black "grandcoach"]
[Result "1-0"]
[WhiteElo "2475"]
[BlackElo "2269"]
[TimeControl "180+1"]
[EndTime "16:03:40 PDT"]
[Termination "Fengwi won on time"]

1. Nf3 c5 2. b3 Nc6 3. c4 e5 4.
Nc3 g6 5. g3 Bg7 6. Bg2 e4 7. Ng1 f5 8. Bb2 Nge7 9. d3 d5 10.
dxe4 dxe4 11. Qxd8+ Kxd8 12. O-O-O+ Bd7 13. Nh3 a6 14. Ng5 Ke8 15. Nd5 Bxb2+ 16. Kxb2 Nxd5 17. cxd5 Ne5 18. f3 h6 19. Ne6 Bxe6 20. dxe6 Ke7 21.
fxe4 Rad8 22. exf5 gxf5 23. Bxb7 Kxe6 24. Bxa6 Ng4 25.
Bc4+ Ke5 26. h3 Nf2 27. Rxd8 Rxd8 28. Rh2 Ne4 29. g4 f4 30. h4 Rd2+ 31. Ka3 Nc3 32. b4 1-0

[Event "Late-Titled-Tuesday-Blitz-April-02-2024"]
[Site "Chess.com"]
[Date "2024.04.02"]
[Round "11"]
[White "Duhless"]
[Black "GMKrikor"]
[Result "1-0"]
[WhiteElo "3100"]
[BlackElo "2872"]
[TimeControl "180+1"]
[EndTime "16:03:42 PDT"]
[Termination "Duhless won on time"]

1. e4 c5 2. Nc3 Nc6 3. Nf3 Nf6 4.
Bb5 Qc7 5. d3 Nd4 6. Ba4 e6 7. O-O Ng4 8. g3 Nxf3+ 9. Qxf3 Ne5 10.
Qg2 a6 11. f4 Nc6 12. Be3 Be7 13.
Rae1 O-O 14. f5 b5 15. Bb3 Nd4 16. Bxd4 cxd4 17. Ne2 a5 18. Nf4 a4 19. Bd5 exd5 20.
Nxd5 Qd8 21. e5 Ra6 22. f6 gxf6 23. Nxe7+ Qxe7 24. exf6 Qc5 25. Qh3 Qg5 26. Re5 Qg6 27. Qh4 h6 28. Rh5 Kh7 29. Rff5 d6 30. Rxh6+ Qxh6 31. Rh5 1-0